 Dungeon Crawl Stone Soup version 0.30-a0-949-g53dc5368d7 (webtiles) character file.

Game seed: 13492223423080617274

440113 NinjaNoafa the Stormcaller (level 22, -18/190 (196) HPs)
             Began as a Black Draconian Conjurer on Mar 27, 2023.
             Was the Champion of Vehumet.
             Shot with a bolt by a yaktaur captain (39 damage)
             ... on level 5 of the Vaults on Mar 28, 2023.
             The game lasted 02:49:23 (47531 turns).

NinjaNoafa the Stormcaller (DrCj)                  Turns: 47531, Time: 02:49:24

HP:   -18/190 (196) AC: 20    Str: 16    XL:     22   Next: 69%
MP:   22/54         EV: 19    Int: 29    God:    Vehumet [******]
Gold: 1858          SH:  9    Dex: 17    Spells: 11/59 levels left

rFire   + . .      SeeInvis .    a - staff of fire
rCold   + . .      Faith    .    f - +3 warlock's mirror {omnireflect}
rNeg    . . .      Spirit   .    (body armour unavailable)
rPois   +          Reflect  +    m - +2 hat {Will+}
rElec   +          Rampage  .    o - +2 cloak {Stlth+}
rCorr   .                        U - +2 pair of gloves {Str+3}
Will    ++...                    G - +0 pair of boots "Uzoczanynn" {rPois rC+}
Stlth   ++++                     n - amulet of regeneration
HPRegen 1.31/turn                Y - ring of Wirex {+Blink rPois Int+2 Dex+6 Slay-5 Stlth+}
MPRegen 0.34/turn                A - ring of magical power

@: flying, studying Short Blades, lightly drained
A: breathe lightning, AC +11, unfitting armour, big wings, electricity
resistance, cold-blooded, robust 1, strong 1
}: 3/15 runes: serpentine, barnacled, slimy
a: Breathe Lightning, Renounce Religion, Evoke Blink


You were on level 5 of the Vaults.
You worshipped Vehumet.
Vehumet was exalted by your worship.
You visited 11 branches of the dungeon, and saw 44 of its levels.
You visited the Abyss 1 time.
You also visited: Trove, Gauntlet and Ice Cave.

You collected 5777 gold pieces.
You spent 3919 gold pieces at shops.

Inventory:

Missiles
 e - 3 boomerangs of dispersal
 q - 4 throwing nets
 y - 7 silver javelins
 T - 6 curare-tipped darts
Armour
 f - the +3 warlock's mirror (worn) {omnireflect}
   (You acquired it on level 2 of the Orcish Mines)

   Omnireflect: It can block and reflect piercing ranged attacks and magical
   attacks against the wielder's willpower.
 m - a +2 hat of willpower (worn)
 o - a +2 cloak of stealth (worn)
 G - the +0 pair of boots "Uzoczanynn" (worn) {rPois rC+}
   (You found it on level 2 of the Snake Pit)

   rC:        It protects you from cold.
   rPois:     It protects you from poison.
 U - a +2 pair of gloves of strength (worn)
Magical Staves
 a - a staff of fire (weapon)
 b - the staff of conjuration "Jyafyocs" {rN+ Dex+3}
   (You found it on level 5 of the Pits of Slime)

   [staff of conjuration]

   Base accuracy: +5 Base damage: 5 Base attack delay: 1.2 This weapon's minimum
   attack delay (0.6) is reached at skill level 12.
   Dex:       It affects your dexterity (+3).
   rN:        It protects you from negative energy.
   It falls into the 'Staves' category.
   It is a one-handed weapon.
Jewellery
 n - an amulet of regeneration (around neck)
 A - a ring of magical power (right hand)
 B - a ring of see invisible
 Y - the ring of Wirex (left hand) {+Blink rPois Int+2 Dex+6 Slay-5 Stlth+}
   (You found it in a Gauntlet)

   [ring of dexterity]

   Int:       It affects your intelligence (+2).
   Dex:       It affects your dexterity (+6).
   Slay:      It affects your accuracy & damage with ranged weapons and melee
   (-5).
   rPois:     It protects you from poison.
   +Blink:    It lets you blink.
   Stlth:     It makes you more stealthy.
Wands
 h - a wand of flame (15)
 J - a wand of iceblast (17)
 N - a wand of polymorph (20)
 O - a wand of digging (14)
 S - a wand of quicksilver (20)
 V - a wand of mindburst (11)
 Z - a wand of charming (44)
Scrolls
 d - 3 scrolls of summoning
 g - 6 scrolls of blinking
 i - 9 scrolls of fear
 k - a scroll of amnesia
 p - 4 scrolls of vulnerability
 r - 14 scrolls of teleportation
 x - 6 scrolls of fog
 D - 12 scrolls of magic mapping
 F - 5 scrolls of poison
 M - 7 scrolls of torment
 P - 5 scrolls of immolation
Potions
 c - 3 potions of magic
 j - 5 potions of might
 s - 7 potions of berserk rage
 v - 17 potions of mutation
 w - a potion of heal wounds
 z - 14 potions of brilliance
 C - 5 potions of flight
 H - 12 potions of curing
 I - 7 potions of lignification
 L - 7 potions of haste
 R - 4 potions of resistance
 X - 6 potions of cancellation
Miscellaneous
 l - a phantom mirror
 t - a box of beasts
 u - a tin of tremorstones (1/2)
 Q - a phial of floods
 W - a condenser vane


   Skills:
 - Level 11.0 Fighting
 - Level 6.0 Staves
 - Level 12.0 Dodging
 - Level 1.7 Stealth
 - Level 8.0 Shields
 + Level 19.4 Spellcasting
 - Level 14.0 Conjurations
 - Level 7.0 Translocations
 - Level 7.0 Transmutations
 + Level 19.8 Fire Magic
 - Level 20.0 Air Magic
 - Level 11.0 Evocations


You had 11 spell levels left.
You knew the following spells:

 Your Spells              Type           Power      Damage    Failure   Level
a - Plasma Beam           Fire/Air       60%        2x1d83    0%          5
b - Starburst             Conj/Fire      56%        6d15      1%          6
c - Iskenderun's Mystic   Conj/Tloc      73%        2d15      1%          4
d - Irradiate             Conj/Tmut      36%        3d23      1%          5
e - Iskenderun's Battles  Conj           83%        2d13      1%          5
f - Maxwell's Capacitive  Air            48%        ∞         1%          8
g - Ignition              Fire           60%        3d16      1%          8
h - Orb of Destruction    Conj           41%        9d11      1%          7

Your spell library contained the following spells:

 Spells                   Type           Power      Damage    Failure   Level
 Polar Vortex             Ice            14%        N/A       100%        9
 Shatter                  Erth           14%        3d14*     100%        9
 Foxfire                  Conj/Fire      100%       2x1d9     0%          1
 Magic Dart               Conj           100%       1d8       0%          1
 Scorch                   Fire           100%       2d10      0%          2
 Searing Ray              Conj           100%       2d8       0%          2
 Static Discharge         Conj/Air       100%       2-7/arc   0%          2
 Flame Wave               Conj/Fire      100%       2d21      0%          4
 Sticky Flame             Conj/Fire      100%       2d11      0%          4
 Beastly Appendage        Tmut           100%       N/A       1%          1
 Kiss of Death            Conj/Necr      100%       2d13      1%          1
 Necrotise                Necr           100%       1d9       1%          1
 Sting                    Tmut/Pois      100%       1d8       1%          1
 Summon Small Mammal      Summ           100%       N/A       1%          1
 Cigotuvi's Dreadful Rot  Necr/Pois/Air  100%       N/A       1%          2
 Poisonous Vapours        Pois/Air       100%       N/A       1%          2
 Wereblood                Tmut           62%        N/A       1%          2
 Dazzling Flash           Conj/Hex       100%       N/A       1%          3
 Frozen Ramparts          Ice            56%        1d9       1%          3
 Ignite Poison            Fire/Tmut/Pois 88%        N/A       1%          3
 Mephitic Cloud           Conj/Pois/Air  76%        N/A       1%          3
 Spider Form              Tmut/Pois      48%        N/A       1%          3
 Stone Arrow              Conj/Erth      100%       3d13      1%          3
 Vhi's Electric Charge    Tloc/Air       100%       N/A       1%          3
 Fulminant Prism          Conj/Hex       31%        3d16      1%          4
 Arcjolt                  Conj/Air       45%        1d55      1%          5
 Fireball                 Conj/Fire      56%        3d22      1%          5
 Freezing Cloud           Conj/Ice/Air   38%        6-21      1%          5
 Conjure Ball Lightning   Conj/Air       45%        3x3d16    1%          6
 Call Imp                 Summ           28%        N/A       2%          2
 Blade Hands              Tmut           31%        N/A       2%          5
 Yara's Violent Unravell  Hex/Tmut       24%        3d11      3%          5
 Ice Form                 Ice/Tmut       48%        N/A       4%          4
 Olgreb's Toxic Radiance  Pois           28%        N/A       4%          4
 Petrify                  Tmut/Erth      48%        N/A       4%          4
 Iron Shot                Conj/Erth      31%        9d6       4%          6
 Call Canine Familiar     Summ           28%        N/A       5%          3
 Confusing Touch          Hex            28%        N/A       5%          3
 Ozocubu's Armour         Ice            28%        N/A       5%          3
 Summon Guardian Golem    Hex/Summ       28%        N/A       5%          3
 Vampiric Draining        Necr           28%        2d8       5%          3
 Dispel Undead            Necr           28%        3d13      17%         4
 Summon Ice Beast         Ice/Summ       28%        N/A       17%         4
 Agony                    Necr           28%        N/A       43%         5
 Metabolic Englaciation   Hex/Ice        14%        N/A       43%         5
 Summon Mana Viper        Hex/Summ       28%        N/A       43%         5
 Statue Form              Tmut/Erth      32%        N/A       54%         6
 Dragon Form              Tmut           31%        N/A       63%         7
 Death Channel            Necr           14%        N/A       95%         6
 Simulacrum               Ice/Necr       14%        N/A       95%         6
 Summon Cactus Giant      Summ           14%        N/A       95%         6
 Ozocubu's Refrigeration  Ice            14%        4d10      96%         7
 Enfeeble                 Hex            14%        N/A       100%        7
 Monstrous Menagerie      Summ           14%        N/A       100%        7
 Discord                  Hex            14%        N/A       100%        8
 Disjunction              Tloc           31%        N/A       100%        8
 Animate Armour           Summ/Erth      Unusable   N/A       N/A         4

Dungeon Overview and Level Annotations

Branches:
Dungeon (15/15)            Temple (1/1) D:6            Lair (5/5) D:8
 Shoals (4/4) Lair:3        Snake (4/4) Lair:3        Slime (5/5) Lair:5
    Orc (2/2) D:12            Elf (1/3) Orc:2        Vaults (5/5) D:13
  Crypt (1/3) Vaults:2     Depths (1/4) D:15          IceCv (visited)
Gauntlet (visited)

Altars:
Ashenzari
Cheibriados
Dithmenos
Elyvilon
Fedhas
Gozag
Hepliaklqana
Kikubaaqudgha
Makhleb
Nemelex Xobeh
Okawaru
Qazlal
Ru
Sif Muna
Trog
Uskayaw
Vehumet
Wu Jian
Xom
Yredelemnul
Zin
The Shining One
Jiyva

Shops:
D:2 (   D:5 (   D:10 *   D:12 **?:[   Orc:2 [??[[   Snake:2 *   Vaults:3 *

Annotations:
Vaults:1 3 runed translucent doors, Leriaza's ghost, veteran DsVM; Rinoumap's ghost, adept TrCK; Vogeir's ghost, veteran HuIE
Vaults:5 Mennas


Innate Abilities, Weirdness & Mutations

You can breathe wild blasts of lightning.
Your glossy black scales are hard. (AC +11)
You cannot fit into any form of body armour.
Your large and strong wings let you fly.
You are resistant to electric shocks. (rElec)
You are cold-blooded and may be slowed by cold attacks.
You are robust. (+10% HP)
Your muscles are strong. (Str +4, Int/Dex -1)


Message History

The sphinx is knocked back by the mystic blast.
The sphinx collides with the vault warden!
The vault warden is severely wounded.
The sphinx is heavily wounded.
A yaktaur comes into view.
An ancient lich comes into view.
Casting: Iskenderun's Mystic Blast (safe; 1% risk of failure)
Confirm with . or Enter, or press ? or * to list all spells.
You erupt in a blast of force!
The mystic blast hits the stone giant!
The stone giant is heavily wounded.
The stone giant is knocked back by the mystic blast.
The stone giant collides with something!
The mystic blast hits the iron dragon!
The iron dragon is moderately wounded.
The iron dragon is knocked back by the mystic blast.
The iron dragon collides with something!
The mystic blast hits the vault warden!
The vault warden is almost dead.
The vault warden is knocked back by the mystic blast.
The vault warden collides with the iron dragon!
The mystic blast hits the sphinx!
The sphinx is severely wounded.
The yaktaur shouts!
Your surroundings suddenly seem different.
A yaktaur comes into view.
Found a wand of iceblast (3).
The yaktaur wields a +0 arbalest.
The yaktaur shoots a bolt.
The bolt hits you.
* * * LOW HITPOINT WARNING * * *
The ancient lich moves out of view.
A shadow dragon comes into view.
The shadow dragon moves out of view.
A yaktaur captain comes into view.
Found a wand of charming (8).
The yaktaur captain shouts!
The shadow dragon breathes negative energy at you.
The bolt of negative energy hits you!!
You feel drained.
* * * LOW HITPOINT WARNING * * *
The yaktaur captain wields a +0 arbalest.
The yaktaur captain shoots a bolt.
The bolt hits you!!!
You die...

[[.#.....
.....c.
...#####.
#.....# ...#
..... ...#
#...# ...# ...
#.# #.# #.# #@#
......./......c
##....###....##
#./.. ..D.#
#.... ....#
#.... ....#
.... .... ....
....


You could see a shadow dragon and a yaktaur captain.

Vanquished Creatures
  the Royal Jelly (Slime:5)
  Mara (Shoals:4)
  6 tentacled monstrosities
  Asterion (Vaults:3)
  Mlioglotl (Shoals:1)
  2 titans (Vaults:5)
  An Executioner (Abyss:3)
  19 acid blobs
  Gastronok (D:10)
  3 krakens
  The ghost of Jeffwins the Skirmisher, an adept HuWn of Vehumet (Vaults:2)
  Kirke (Snake:1)
  A sphinx (Vaults:4)
  A tengu reaver (Vaults:5)
  A revenant (Crypt:1)
  5 nagarajas
  11 rockslimes
  16 azure jellies
  A frost giant (Vaults:5)
  8 vault wardens
  2 deep elf sorcerers
  Aizul (Shoals:2)
  The ghost of Wothajo the Destroyer, an adept HuWn of Vehumet (Orc:1)
  3 cacodemons
  The ghost of Vomnuq the Cleaver, a journeyman DsGl of Hepliaklqana (Snake:2)
  10 quicksilver oozes
  An orc warlord (Vaults:1)
  14 very ugly things
  5 ironbound thunderhulks
  3 war gargoyles
  23 ironbound preservers
  3 vampire knights (Crypt:1)
  2 eleionomae (Shoals:4)
  Nessos (D:14)
  A deep elf demonologist (Vaults:2)
  2 bunyips
  3 deep elf annihilators (Vaults:4)
  22 dire elephants
  2 minotaurs
  3 deep elf death magi
  2 ettins
  A green death (Abyss:3)
  The ghost of voltaire321 the Pandemonic, a journeyman DsAr of Makhleb (Lair:3)
  An entropy weaver (Vaults:1)
  4 merfolk impalers (Shoals:4)
  2 fire dragons
  8 great orbs of eyes
  5 merfolk javelineers
  Josephine (Snake:1)
  14 yaktaur captains
  2 deep elf high priests
  Fannar (Lair:1)
  2 ice dragons
  Harold (Lair:1)
  2 ogre magi
  3 hydras
  4 merfolk avatars
  3 peacekeepers
  Erica (Lair:1)
  12 centaur warriors
  2 salamander tyrants
  2 merfolk aquamancers
  14 ironbound frosthearts
  2 dancing weapons (Elf:1)
  A death knight (Crypt:1)
  3 boulder beetles
  35 vault guards
  2 alligator snapping turtles (Shoals:3)
  8 satyrs
  7 anacondas
  4 two-headed ogres
  10 death yaks
  4 tengu warriors
  2 death scarabs (Gauntlet)
  18 naga warriors
  2 thrashing horrors
  5 orc high priests (Orc:2)
  3 hell hogs (Abyss:3)
  11 naga sharpshooters
  5 shock serpents
  Nergalle (Orc:1)
  A deep elf knight (Elf:1)
  A fire crab (Lair:5)
  8 skeletal warriors
  A wretched star (Abyss:3)
  14 sea snakes
  A storm dragon skeleton (D:15)
  5 skysharks
  8 salamander mystics
  An anaconda zombie (Crypt:1)
  A flayed ghost (D:15)
  13 ironbound convokers
  7 naga ritualists
  77 deep trolls
  2 glowing orange brains
  10 orc knights
  6 wizards
  6 lindwurms
  A deep elf archer (Elf:1)
  8 harpies
  An obsidian statue (Snake:2)
  3 phantasmal warriors
  A bunyip skeleton (Crypt:1)
  Pikel (D:7)
  The ghost of pokeman the Thaumaturge, a novice DEHW (D:7)
  3 deep elf zephyrmancers
  8 mana vipers
  11 shining eyes
  2 necromancers
  A shining eye (shapeshifter) (Vaults:2)
  11 deep elf pyromancers
  8 orc sorcerers
  A wolf spider (D:15)
  33 ugly things
  A broodmother zombie (Crypt:1)
  An oklob plant (Lair:1)
  14 salamanders
  35 fauns
  13 manticores
  A stone giant zombie (D:15)
  20 elephants
  A worldbinder (Abyss:3)
  36 black mambas
  14 cyclopes
  19 naga magi
  14 vault sentinels
  A frost giant skeleton (D:15)
  12 merfolk sirens
  5 human skeletons (Vaults:2)
  Joseph (D:8)
  6 water nymphs
  A fire giant skeleton (Vaults:2)
  3 guardian serpents
  3 smoke demons
  An ice statue (IceCv)
  3 gargoyles
  3 molten gargoyles (Lair:5)
  3 orange demons (D:12)
  6 eyes of devastation
  Maggie (Lair:1)
  An unseen horror (shapeshifter) (Vaults:2)
  5 cane toads
  Psyche (D:11)
  An unseen horror (D:8)
  3 kobold demonologists (D:12)
  9 komodo dragons
  6 rime drakes
  2 tengu conjurers (Gauntlet)
  27 yaktaurs
  4 efreet
  A freezing wraith (Crypt:1)
  2 ice devils (D:12)
  An ancient zyme (Abyss:3)
  A yaktaur skeleton (Vaults:2)
  6 meliai
  2 red devils (D:12)
  22 merfolk
  7 polar bears (IceCv)
  2 hornets
  10 trolls
  8 wind drakes
  A boulder beetle zombie (Crypt:1)
  8 snapping turtles
  13 dream sheep
  17 blink frogs
  A slime creature (shapeshifter) (Vaults:2)
  5 raiju (Abyss:3)
  A snapping turtle (shapeshifter) (D:15)
  A spriggan zombie (D:15)
  An ettin skeleton (Vaults:2)
  A spectral black mamba (Gauntlet)
  9 water elementals
  10 wraiths
  A shadow (D:10)
  125 slime creatures
  2 vampires
  7 wyverns
  45 yaks
  4 basilisks
  A fire bat (shapeshifter) (Vaults:2)
  3 neqoxecs
  A golden eye (Slime:1)
  A redback (shapeshifter) (Vaults:2)
  A basilisk (shapeshifter) (Vaults:2)
  3 chaos spawn
  A death yak simulacrum (Lair:3)
  4 steam dragons
  A hog (Snake:1)
  6 vampire mosquitoes
  2 wargs (Orc:2)
  A warg (shapeshifter) (Vaults:2)
  A catoblepas simulacrum (Lair:3)
  2 spectral cane toads (Gauntlet)
  2 hydra simulacra (Lair:3)
  31 nagas
  5 acid dragons
  9 water moccasins
  5 large abominations (Abyss:3)
  Duvessa (D:7)
  4 hell hounds (Lair:5)
  A sky beast (shapeshifter) (Vaults:2)
  A glowing shapeshifter skeleton (Vaults:2)
  2 black bears
  19 orc warriors
  4 boggarts (D:14)
  An ice beast (D:7)
  5 ogres
  A black mamba simulacrum (Lair:3)
  A tengu (shapeshifter) (Vaults:2)
  13 centaurs
  3 phantoms
  22 wolves
  5 kobold brigands
  4 lemures (D:7)
  12 bullfrogs
  A cane toad simulacrum (Lair:3)
  4 scorpions
  20 wights
  4 gnoll sergeants
  Dowan (D:7)
  4 small abominations
  7 howler monkeys
  4 jellies
  5 lava snakes (Lair:5)
  9 quasits
  3 gnoll boudas
  30 orc priests
  3 sleepcaps
  3 hounds
  12 hell rats (Lair:5)
  3 iguanas
  21 orc wizards
  32 gnolls
  9 adders
  A shadow imp (D:7)
  5 white imps
  3 ufetubi
  A jelly zombie (Crypt:1)
  2 worms
  2 dart slugs
  62 orcs
  9 endoplasms
  4 giant cockroaches
  3 hobgoblins
  6 quokkas
  6 ball pythons
  8 bats
  4 frilled lizards
  4 goblins
  27 kobolds
  10 rats
  A ball lightning (D:13)
  A butterfly (Lair:3)
  A lurking horror (Abyss:3)
  2 tentacles
1759 creatures vanquished.

Vanquished Creatures (collateral kills)
  A large abomination (Abyss:3)
  An elephant (Lair:5)
  3 ball lightnings
5 creatures vanquished.

Vanquished Creatures (others)
  Sonja (Lair:5)
  A manticore (D:12)
  A yak (IceCv)
  2 humans (Snake:1)
  An orc wizard (D:8)
  An orc (Orc:2)
  194 ball lightnings
  2 bushes
  3 demonic plants (D:12)
  54 fungi
  148 plants
  19 tentacles
  7 withered plants (D:15)
434 creatures vanquished.

Grand Total: 2198 creatures vanquished

Notes
Turn   | Place    | Note
-------+----------+-------------------------------------------
     0 | D:1      | NinjaNoafa the Draconian Conjurer began the quest for the
                  | Orb.
     0 | D:1      | Reached XP level 1. HP: 14/14 MP: 3/3
   460 | D:1      | You fall into a shaft and drop 1 floor!
   485 | D:1      | Reached XP level 2. HP: 20/20 MP: 3/5
   488 | D:1      | Learned a level 2 spell: Searing Ray
   900 | D:2      | Reached skill level 5 in Conjurations
   900 | D:2      | Reached XP level 3. HP: 26/26 MP: 1/6
  1058 | D:2      | Identified the +7 short sword of Bagu {heavy, +Blink rElec
                  | rN+++ Str-3}
  1260 | D:2      | Found a faded altar of an unknown god.
  1264 | D:2      | Got Plato's Anthology of Forms
  1374 | D:2      | Found Atoimat's Weapon Shop.
  1603 | D:3      | Found a hide-covered altar of Uskayaw.
  1728 | D:3      | Reached XP level 4. HP: 33/33 MP: 4/8
  2364 | D:4      | Noticed a scorpion
  2368 | D:4      | Killed a scorpion
  2370 | D:4      | Reached XP level 5. HP: 36/38 MP: 10/11
  2634 | D:4      | Noticed a phantom
  2642 | D:4      | Killed a phantom
  2643 | D:4      | Reached skill level 5 in Spellcasting
  2643 | D:4      | Reached XP level 6. HP: 45/45 MP: 11/13
  3012 | D:5      | Entered Level 5 of the Dungeon
  3133 | D:4      | Reached skill level 1 in Translocations
  3136 | D:4      | Your scales start taking on a glossy black colour.
  3136 | D:4      | Reached XP level 7. HP: 34/50 MP: 14/16
  3136 | D:4      | Gained mutation: You are resistant to electric shocks.
                  | (rElec) [Black Draconian growth]
  3498 | D:5      | Found a white marble altar of Elyvilon.
  3503 | D:5      | Reached XP level 8. HP: 45/57 MP: 18/18
  3617 | D:5      | Found a shimmering blue altar of Sif Muna.
  3703 | D:5      | Found a bloodstained altar of Trog.
  3726 | D:5      | Identified the ring "Enyschef" {Str+3 Int+6}
  3815 | D:5      | Found Gilicw's Antique Weapon Shop.
  3839 | D:5      | Learned a level 4 spell: Iskenderun's Mystic Blast
  3903 | D:5      | Found a sparkling altar of Nemelex Xobeh.
  3903 | D:5      | Found an ancient bone altar of Kikubaaqudgha.
  3904 | D:5      | Found an iron altar of Okawaru.
  4025 | D:6      | Reached skill level 5 in Translocations
  4143 | D:6      | Found a staircase to the Ecumenical Temple.
  4157 | Temple   | Entered the Ecumenical Temple
  4398 | Temple   | Became a worshipper of Vehumet
  4719 | D:6      | Found an ornate altar of the Wu Jian Council.
  5031 | D:7      | Reached XP level 9. HP: 62/62 MP: 21/22
  5084 | D:7      | Noticed a two-headed ogre
  5092 | D:7      | Killed a two-headed ogre
  5093 | D:7      | Reached skill level 10 in Spellcasting
  5096 | D:7      | Noticed Duvessa
  5225 | D:7      | Reached * piety under Vehumet
  5225 | D:7      | Offered knowledge of Kiss of Death by Vehumet.
  5244 | D:7      | Noticed a two-headed ogre
  5244 | D:7      | Noticed a cyclops
  5244 | D:7      | Noticed a boulder beetle
  5244 | D:7      | Noticed a cyan ugly thing
  5253 | D:7      | Reached skill level 5 in Fighting
  5258 | D:7      | Killed a two-headed ogre
  5259 | D:7      | Killed a cyan ugly thing
  5259 | D:7      | Killed a cyclops
  5260 | D:7      | Reached skill level 5 in Dodging
  5260 | D:7      | Reached XP level 10. HP: 31/84 MP: 14/24
  5505 | D:7      | Reached skill level 1 in Air Magic
  5681 | D:8      | Found a staircase to the Lair.
  5718 | D:8      | Reached skill level 1 in Shields
  5718 | D:8      | Reached skill level 2 in Air Magic
  5730 | D:8      | Noticed Joseph
  5751 | D:8      | Killed Joseph
  5752 | D:8      | Reached skill level 3 in Air Magic
  5887 | D:8      | Identified the +10 flail of Regicide {speed, rF+ Int+3}
  6022 | D:8      | Reached ** piety under Vehumet
  6022 | D:8      | Offered knowledge of Foxfire by Vehumet.
  6096 | D:7      | Killed Duvessa
  6097 | D:7      | Reached skill level 4 in Air Magic
  6265 | D:7      | Killed a boulder beetle
  6266 | D:7      | Reached skill level 5 in Air Magic
  6309 | D:7      | Found a transporter.
  6315 | D:7      | Noticed Pikel
  6317 | D:7      | Noticed pokeman's ghost (novice DEHW)
  6322 | D:7      | Killed Pikel
  6433 | D:7      | Noticed Dowan
  6442 | D:7      | Killed Dowan
  6565 | D:7      | Found a transporter.
  7054 | D:8      | Found a snail-covered altar of Cheibriados.
  7208 | D:9      | Reached XP level 11. HP: 90/92 MP: 25/25
  7244 | D:9      | Found a stormy altar of Qazlal.
  7249 | D:9      | Noticed Psyche
  7301 | D:9      | Reached skill level 6 in Air Magic
  7558 | D:9      | Reached skill level 1 in Evocations
  7749 | D:9      | Noticed a two-headed ogre
  7761 | D:9      | Killed a two-headed ogre
  7968 | D:10     | Entered Level 10 of the Dungeon
  7976 | D:10     | Noticed a two-headed ogre
  7984 | D:10     | Killed a two-headed ogre
  8025 | D:10     | Noticed Gastronok
  8058 | D:10     | Killed Gastronok
  8058 | D:10     | Offered knowledge of Stone Arrow by Vehumet.
  8059 | D:10     | Reached skill level 7 in Air Magic
  8104 | D:9      | Learned a level 3 spell: Stone Arrow
  8212 | D:10     | Noticed a fire dragon
  8292 | D:10     | Found Ybrarod's Assorted Antiques.
  8295 | D:10     | Bought a bound crystal amulet for 160 gold pieces
  8295 | D:10     | Identified the amulet of Qyeduedd {Spirit Fragile rPois rF+
                  | Int+5} (You bought it in a shop on level 10 of the Dungeon)
  8300 | D:10     | Bought an emerald potion for 28 gold pieces
  8300 | D:10     | Bought a scroll of identify for 64 gold pieces
  8395 | D:10     | Killed a fire dragon
  8396 | D:10     | Reached skill level 5 in Evocations
  8622 | D:11     | Killed Psyche
  8633 | D:11     | Reached *** piety under Vehumet
  8647 | D:11     | Reached skill level 8 in Air Magic
  8652 | D:11     | Found a frozen archway.
  8658 | IceCv    | Entered an ice cave
  9017 | IceCv    | Learned a level 5 spell: Irradiate
  9024 | IceCv    | Learned a level 6 spell: Conjure Ball Lightning
  9170 | IceCv    | Reached skill level 1 in Transmutations
  9188 | IceCv    | Reached XP level 12. HP: 82/100 MP: 26/27
  9206 | IceCv    | Offered knowledge of Inner Flame by Vehumet.
  9438 | IceCv    | Reached **** piety under Vehumet
  9438 | IceCv    | Noticed an ironbound frostheart
  9458 | IceCv    | Killed an ironbound frostheart
  9662 | IceCv    | Noticed a death yak
  9679 | IceCv    | Killed a death yak
  9680 | IceCv    | Reached skill level 5 in Transmutations
  9680 | IceCv    | Reached skill level 9 in Air Magic
  9774 | IceCv    | Noticed a death yak
  9784 | IceCv    | Killed a death yak
  9784 | IceCv    | Offered knowledge of Airstrike by Vehumet.
  9793 | IceCv    | Noticed a death yak
  9793 | IceCv    | Noticed a death yak
  9793 | IceCv    | Noticed a death yak
  9810 | IceCv    | Noticed a death yak
  9821 | IceCv    | Killed a death yak
  9823 | IceCv    | Killed a death yak
  9841 | IceCv    | Identified the +4 glaive "Ityfryrr" {drain, rPois rF++
                  | rC++}
  9868 | IceCv    | Killed a death yak
  9960 | IceCv    | Noticed an ironbound frostheart
 10022 | IceCv    | Killed a death yak
 10124 | IceCv    | Killed an ironbound frostheart
 10256 | Lair:1   | Entered Level 1 of the Lair of Beasts
 10268 | Lair:1   | Noticed Fannar
 10275 | Lair:1   | Killed Fannar
 10315 | Lair:1   | Noticed Erica
 10535 | Lair:1   | Noticed Harold
 10542 | Lair:1   | Killed Harold
 10552 | Lair:1   | Reached XP level 13. HP: 91/105 MP: 18/28
 10778 | Lair:1   | Noticed Maggie
 10785 | Lair:1   | Killed Maggie
 10992 | Lair:1   | Killed Erica
 11062 | Lair:1   | Reached skill level 10 in Air Magic
 11526 | Lair:2   | Learned a level 5 spell: Plasma Beam
 12150 | Lair:3   | Reached skill level 10 in Conjurations
 12157 | Lair:3   | Reached ***** piety under Vehumet
 12170 | Lair:3   | Offered knowledge of Spellforged Servitor by Vehumet.
 12172 | Lair:3   | Found a staircase to the Shoals.
 12323 | Lair:3   | Found a staircase to the Snake Pit.
 12393 | Lair:3   | Noticed voltaire321's ghost (journeyman DsAr)
 12400 | Lair:3   | Found a runed translucent gate.
 12400 | Lair:3   | Found a runed translucent gate.
 12400 | Lair:3   | Found a runed translucent gate.
 12841 | Lair:3   | Reached skill level 1 in Fire Magic
 12982 | Lair:3   | Killed voltaire321's ghost
 13047 | Lair:3   | Got the ring of Waniuv {Fire Fly Int+5}
 13162 | Lair:4   | Reached skill level 5 in Shields
 13209 | Lair:5   | Entered Level 5 of the Lair of Beasts
 13555 | Lair:5   | Gained mutation: Your large and strong wings let you fly.
                  | [Black Draconian growth]
 13555 | Lair:5   | Reached XP level 14. HP: 116/116 MP: 29/29
 13717 | Lair:5   | Offered knowledge of Orb of Destruction by Vehumet.
 13790 | Lair:4   | Learned a level 7 spell: Orb of Destruction
 14368 | Lair:4   | Reached skill level 5 in Fire Magic
 15010 | Lair:5   | Found a large runed translucent door.
 15018 | Lair:5   | Found a large runed translucent door.
 16037 | D:12     | Found Rajeck's Assorted Antiques.
 16044 | D:12     | Bought a thin zirconium amulet for 130 gold pieces
 16048 | D:12     | Bought a pair of runed boots for 195 gold pieces
 16066 | D:12     | Bought a red potion for 23 gold pieces
 16066 | D:12     | Bought a scroll of teleportation for 78 gold pieces
 16066 | D:12     | Bought a scroll labelled QIOWON XYISEISK for 26 gold pieces
 16066 | D:12     | Bought a scroll labelled TOAPUOC POED for 26 gold pieces
 16066 | D:12     | Bought a scroll of vulnerability for 104 gold pieces
 16066 | D:12     | Bought a potion of curing for 78 gold pieces
 16075 | D:12     | Found a staircase to the Orcish Mines.
 16078 | D:12     | Found Egemuwe's Assorted Antiques.
 16086 | D:12     | Bought a scroll of teleportation for 63 gold pieces
 16086 | D:12     | Bought a potion of brilliance for 84 gold pieces
 16086 | D:12     | Bought a cyan potion for 18 gold pieces
 16140 | D:12     | Found Minkafau's Magic Scroll Emporium.
 16144 | D:12     | Bought 2 scrolls of fear for 112 gold pieces
 16144 | D:12     | Bought a scroll of identify for 28 gold pieces
 16144 | D:12     | Bought a scroll of identify for 28 gold pieces
 16157 | D:12     | Reached skill level 10 in Fighting
 16160 | D:12     | Bought a scroll of immolation for 56 gold pieces
 16183 | D:12     | Found Daquagaz's Book Emporium.
 16191 | D:12     | Offered knowledge of Freezing Cloud by Vehumet.
 16220 | D:12     | Gained mutation: You have hidden genetic potential. [a
                  | neqoxec]
 16296 | D:12     | Found Onodyrgho's Armour Shop.
 16323 | D:12     | Found a gate leading to a gauntlet.
 16330 | Gauntlet | Entered a Gauntlet
 16330 | Gauntlet | Found a transporter.
 16330 | Gauntlet | Found a runed translucent gate.
 16330 | Gauntlet | Found a transporter.
 16335 | Gauntlet | Found a runed translucent gate.
 16335 | Gauntlet | Found a runed translucent gate.
 16343 | Gauntlet | Found a transporter.
 16360 | Gauntlet | Found a transporter.
 16361 | Gauntlet | Found a transporter.
 16361 | Gauntlet | Found a transporter.
 16364 | Gauntlet | Found a transporter.
 16364 | Gauntlet | Found a transporter.
 16378 | Gauntlet | Found a transporter.
 16396 | Gauntlet | Found a transporter.
 16406 | Gauntlet | Found a transporter.
 16421 | Gauntlet | Found a transporter.
 16441 | Gauntlet | Found a transporter.
 16442 | Gauntlet | Found a runed translucent door.
 16458 | Gauntlet | Found a transporter.
 16697 | Gauntlet | Identified the ring of the Lion {Fly rC+ Str-4 Dex+4}
 16779 | Gauntlet | Identified the ring of Wirex {+Blink rPois Int+2 Dex+6
                  | Slay-5 Stlth+}
 16924 | Gauntlet | Identified the staff of conjuration "Iselli" {*Corrode Fly
                  | Dex+4}
 17775 | Lair:5   | Noticed Sonja
 17780 | Lair:5   | Killed Sonja
 17838 | Lair:5   | Reached XP level 15. HP: 126/126 MP: 31/31
 18052 | Lair:5   | Found a viscous altar of Jiyva.
 18103 | Lair:5   | Found a staircase to the Slime Pits.
 18668 | Orc:1    | Entered Level 1 of the Orcish Mines
 18675 | Orc:1    | Paralysed by an orc sorcerer for 3 turns
 18680 | Orc:1    | Reached skill level 10 in Dodging
 19162 | Orc:1    | Learned a level 5 spell: Freezing Cloud
 19201 | Orc:1    | Noticed Wothajo's ghost (adept HuWn)
 19213 | Orc:1    | Found a runed translucent gate.
 19213 | Orc:1    | Found a runed translucent gate.
 19213 | Orc:1    | Found a runed translucent gate.
 19213 | Orc:1    | Noticed Nergalle
 19216 | Orc:1    | Offered knowledge of Fireball by Vehumet.
 19217 | Orc:1    | Killed Nergalle
 19505 | Orc:1    | Killed Wothajo's ghost
 19561 | Orc:2    | Entered Level 2 of the Orcish Mines
 19590 | Orc:2    | Found Ethias's Armour Shop.
 19876 | Orc:2    | Found a staircase to the Elven Halls.
 20253 | Orc:2    | Offered knowledge of Starburst by Vehumet.
 20566 | Lair:5   | Learned a level 6 spell: Starburst
 20824 | Orc:1    | Gained mutation: Your muscles are strong. (Str +4, Int/Dex
                  | -1) [hidden potential]
 21039 | Orc:2    | Found Samial's Antique Armour Boutique.
 21042 | Orc:2    | Found Xoanogun's Magic Scroll Shop.
 21043 | Orc:2    | Found Utyunlof's Antique Armour Boutique.
 21044 | Orc:2    | Found Acziw's Magic Scroll Boutique.
 21048 | Orc:2    | Bought a scroll of noise for 17 gold pieces
 21051 | Orc:2    | Bought a scroll of enchant armour for 127 gold pieces
 21051 | Orc:2    | Bought a scroll of enchant armour for 127 gold pieces
 21055 | Orc:2    | Bought a scroll of identify for 34 gold pieces
 21056 | Orc:2    | Identified 2 scrolls of acquirement
 21057 | Orc:2    | Acquired 381 gold pieces
 21059 | Orc:2    | Acquired the +3 warlock's mirror {omnireflect}
 21059 | Orc:2    | Found the +3 warlock's mirror {omnireflect}
 21075 | Orc:2    | Bought a scroll of identify for 24 gold pieces
 21078 | Orc:2    | Bought a scroll of poison for 48 gold pieces
 21078 | Orc:2    | Bought a scroll of acquirement for 624 gold pieces
 21079 | Orc:2    | Acquired 873 gold pieces
 21734 | D:13     | Found an opulent altar of Gozag.
 21816 | D:13     | Reached skill level 11 in Air Magic
 21826 | D:13     | Found a gate to the Vaults.
 21842 | D:13     | Reached skill level 10 in Fire Magic
 22251 | D:14     | Noticed Nessos
 22252 | D:14     | Killed Nessos
 22365 | D:14     | Found a sacrificial altar of Ru.
 22677 | D:15     | Entered Level 15 of the Dungeon
 22690 | D:15     | Reached XP level 16. HP: 96/136 MP: 20/32
 22893 | D:15     | Reached ****** piety under Vehumet
 22918 | D:15     | Identified the +6 war axe of Ru, Summoning {antimagic,
                  | rElec}
 23107 | D:15     | Found a staircase to the Depths.
 23652 | Snake:1  | Entered Level 1 of the Snake Pit
 23652 | Snake:1  | Noticed Josephine
 23662 | Lair:3   | Learned a level 5 spell: Freezing Cloud
 23670 | Snake:1  | Killed Josephine
 23704 | Snake:1  | Offered knowledge of Iskenderun's Battlesphere by Vehumet.
 24048 | Snake:1  | Noticed Kirke
 24052 | Snake:1  | Noticed a sphinx
 24052 | Snake:1  | Killed Kirke
 24065 | Snake:1  | Gained mutation: You are robust. (+10% HP) [hidden
                  | potential]
 24065 | Snake:1  | Lost mutation: You have hidden genetic potential. [hidden
                  | potential expressed]
 24102 | Snake:1  | You are sucked into a shaft and drop 1 floor!
 24134 | Snake:2  | Identified the +0 pair of boots "Uzoczanynn" {rPois rC+}
 24227 | Snake:2  | Learned a level 5 spell: Iskenderun's Battlesphere
 25167 | Snake:2  | Found a runed translucent gate.
 25167 | Snake:2  | Found an opulent altar of Gozag.
 25168 | Snake:2  | Found a runed translucent gate.
 25168 | Snake:2  | Found a runed translucent gate.
 25170 | Snake:2  | Noticed Vomnuq's ghost (journeyman DsGl)
 25172 | Snake:2  | Found Toumikaqu's Assorted Antiques.
 26009 | D:7      | Killed pokeman's ghost
 26241 | Snake:2  | Killed Vomnuq's ghost
 26294 | Snake:2  | Bought a scroll of immolation for 156 gold pieces
 26580 | Snake:3  | Reached skill level 12 in Air Magic
 26815 | Snake:3  | Offered knowledge of Eringya's Noxious Bog by Vehumet.
 26816 | Snake:3  | Reached XP level 17. HP: 156/158 MP: 31/34
 27438 | Snake:4  | Entered Level 4 of the Snake Pit
 27545 | Shoals:1 | Entered Level 1 of the Shoals
 28022 | Elf:1    | Entered Level 1 of the Elven Halls
 28244 | Elf:1    | Reached skill level 13 in Air Magic
 28646 | Shoals:1 | Found a hide-covered altar of Uskayaw.
 28767 | Shoals:1 | Noticed a kraken
 28880 | Shoals:1 | Killed a kraken
 29059 | Shoals:1 | Noticed Mlioglotl
 29072 | Shoals:1 | Killed Mlioglotl
 29648 | Shoals:2 | Noticed Aizul
 29808 | Shoals:2 | Killed Aizul
 31103 | D:12     | Bought a tin of tremorstones (2/2) for 840 gold pieces
 31141 | D:12     | Bought an Everburning Encyclopedia for 504 gold pieces
 31623 | Shoals:3 | Reached XP level 18. HP: 166/166 MP: 32/35
 31633 | Shoals:3 | Offered knowledge of Shatter by Vehumet.
 31633 | Shoals:3 | Offered knowledge of Polar Vortex by Vehumet.
 31633 | Shoals:3 | Offered knowledge of Maxwell's Capacitive Coupling by
                  | Vehumet.
 32215 | Shoals:4 | Entered Level 4 of the Shoals
 32346 | Snake:4  | Reached skill level 10 in Evocations
 32957 | Snake:4  | Found a sparkling altar of Nemelex Xobeh.
 33894 | Snake:4  | Got a serpentine rune of Zot
 34438 | Shoals:4 | Reached skill level 15 in Fire Magic
 34862 | Shoals:4 | Noticed Mara
 35052 | Shoals:4 | Identified the staff of air "Iramipp" {*Corrode rElec Int+3
                  | SInv}
 35067 | Shoals:4 | Learned a level 8 spell: Ignition
 35207 | Shoals:4 | Killed Mara
 35208 | Shoals:4 | Reached XP level 19. HP: 172/172 MP: 11/37
 35542 | Shoals:4 | Identified the +4 quarterstaff of Dullness {drain, *Corrode
                  | rN+ Str+3 Int+2}
 35553 | Shoals:4 | Got a barnacled rune of Zot
 35652 | Shoals:4 | Identified the staff of earth "Imuis" {rF++}
 35928 | Vaults:1 | Entered Level 1 of the Vaults
 36509 | Vaults:1 | Reached skill level 14 in Air Magic
 36665 | Vaults:1 | Identified the +0 shortbow of Doom {drain, rF+ rCorr}
 36958 | Vaults:1 | Found a runed translucent gate.
 36958 | Vaults:1 | Found a runed translucent gate.
 36958 | Vaults:1 | Found a runed translucent gate.
 36959 | Vaults:1 | Noticed Vogeir's ghost (veteran HuIE)
 36959 | Vaults:1 | Noticed Leriaza's ghost (veteran DsVM)
 37035 | Vaults:1 | Noticed Vogeir's ghost (veteran HuIE)
 37036 | Vaults:1 | Noticed Rinoumap's ghost (adept TrCK)
 37036 | Vaults:1 | Noticed Vogeir's ghost (veteran HuIE)
 37302 | Vaults:2 | Reached skill level 15 in Air Magic
 37357 | Vaults:2 | Reached skill level 15 in Spellcasting
 37451 | Vaults:2 | Learned a level 8 spell: Maxwell's Capacitive Coupling
 37811 | Vaults:2 | Reached skill level 16 in Air Magic
 37835 | Vaults:2 | Reached XP level 20. HP: 181/181 MP: 9/39
 38528 | Vaults:2 | Found a runed translucent gate.
 38528 | Vaults:2 | Found a runed translucent gate.
 38528 | Vaults:2 | Found a runed translucent gate.
 38603 | Vaults:2 | Found a staircase to the Crypt.
 38711 | Vaults:2 | Found a runed translucent gate.
 38711 | Vaults:2 | Found a runed translucent gate.
 38715 | Vaults:2 | Found a runed translucent gate.
 38715 | Vaults:2 | Noticed Jeffwins's ghost (adept HuWn)
 38729 | Vaults:2 | Killed Jeffwins's ghost
 38730 | Vaults:2 | Reached skill level 17 in Air Magic
 38755 | Vaults:2 | Identified the +2 robe of Intense Mirth {+Blink rElec rC-}
 38917 | Vaults:3 | Noticed Asterion
 38925 | Vaults:3 | Killed Asterion
 38980 | Crypt:1  | Entered Level 1 of the Crypt
 39342 | Vaults:3 | Reached skill level 1 in Staves
 39614 | Vaults:3 | Reached skill level 5 in Staves
 39678 | Vaults:3 | Found Ahyr's Assorted Antiques.
 39686 | Vaults:3 | Bought a potion of curing for 117 gold pieces
 39912 | Vaults:3 | Found a portal to a secret trove of treasure.
 40688 | Vaults:3 | You paid a toll of a +7 demon blade to enter a treasure
                  | trove
 40689 | Trove    | Entered a treasure trove
 41515 | Vaults:4 | Reached XP level 21. HP: 188/188 MP: 42/42
 42321 | Vaults:4 | Reached skill level 18 in Air Magic
 42890 | Vaults:5 | Entered Level 5 of the Vaults
 42890 | Vaults:5 | Noticed Mennas
 43132 | Depths:1 | Entered Level 1 of the Depths
 43449 | Slime:1  | Entered Level 1 of the Pits of Slime
 43898 | Slime:1  | Reached skill level 19 in Air Magic
 44476 | Slime:5  | Entered Level 5 of the Pits of Slime
 44518 | Slime:5  | Reached XP level 22. HP: 52/196 MP: 44/44
 44532 | Slime:5  | HP: 9/196 [acid blob/splash of acid (30)]
 44537 | Slime:5  | Noticed the Royal Jelly
 45284 | Slime:5  | Killed the Royal Jelly
 45285 | Slime:5  | Reached skill level 20 in Air Magic
 45480 | Slime:5  | Identified the +4 halberd of Akhlot Much {drain, Fragile
                  | rElec rN+ Dex+2}
 45536 | Slime:5  | Identified the ring of the Five Ultimatums {+Blink rPois
                  | rC+ MP-9 Str+5}
 45548 | Slime:5  | Identified the ring of Checkmate {rElec AC+4 Int+3 Stlth-}
 45563 | Slime:5  | Got a slimy rune of Zot
 45564 | Slime:5  | Identified the staff of conjuration "Jyafyocs" {rN+ Dex+3}
 46670 | Abyss:3  | Cast into level 3 of the Abyss (a deep elf sorcerer)
 46706 | Abyss:3  | Found a corrupted altar of Lugonu.
 46889 | Abyss:3  | Noticed an ancient lich
 47105 | Vaults:5 | Escaped the Abyss
 47513 | Vaults:5 | HP: 8/196 [yaktaur captain/bolt (26)]
 47529 | Vaults:5 | Noticed an ancient lich
 47531 | Vaults:5 | Shot with a bolt by a yaktaur captain

Illustrated notes

Levels and vault maps discovered:
D:1:      evilmike_arrival_rings, layout_loops_corners
D:2:      layout_loops_ring, serial_shops, nicolae_shop_advertising_works
          [nicolae_subvault_shop_adworks], shapermc_ecumenical_altar_rom_forum,
          kennysheep_generic_room_2
D:3:      layout_basic, mainiacjoe_overflow_paths
D:4:      layout_loops_ring, chequers_serial_rivers_small_b, kennysheep_doodads
D:5:      nicolae_BIG_FREAKIN_CUBE, layout_basic,
          nicolae_elyvilon_peaceful_grove, mainiacjoe_overflow_surrounded_room,
          gammafunk_temple_overflow_claw, trog_three_pillars_becter,
          serial_shops, nicolae_square_shop
D:6:      layout_basic, lemuel_tele_altar, minmay_temple_entry_proselytizer
D:7:      minmay_the_grid_triangle_9x9_rhombus_thin
          [minmay_the_grid_triangle_9x9_windchime,
          minmay_the_grid_triangle_9x9_prize_top_heavy,
          minmay_the_grid_triangle_9x9_wacky_v,
          minmay_the_grid_triangle_9x9_zippers_horizontal], layout_gridville,
          gammafunk_ghost_stat_death, uniq_duvessa, uniq_pikel
D:8:      hellmonk_ruined_rings, layout_basic, cheibrodos_worm_habitat,
          lair_entry_dummy, uniq_joseph
D:9:      layout_roguey, grunt_qazlal_sundering, uniq_psyche
D:10:     layout_rooms, serial_shops, kennysheep_mini_moat, uniq_gastronok
D:11:     layout_loops_ring, portal_ice_cave_entry_pillars_2
D:12:     layout_basic, gauntlet_entry_generic, serial_demonic,
          serial_demonic_a, serial_demonic_a, serial_demonic_f,
          serial_demonic_c, serial_demonic_a, serial_demonic_e,
          serial_demonic_b, serial_shops, shop, nicolae_square_shop,
          kennysheep_little_box, shop,
          nicolae_shop_temple_entry_statues_fountains
D:13:     layout_big_octagon, grunt_vaults_entry_fortified, roderic_lattice_a,
          grunt_gozag_breadcrumbs
D:14:     layout_gridville, nicolae_ru_sacrificial_ziggurat, uniq_nessos
D:15:     gammafunk_depths_entry_grave, layout_long_grid, hangedman_decor_push
Temple:   minmay_temple_forest_path
Lair:1:   layout_gridlike, minmay_lair_oklob_bushes, uniq_erica, uniq_harold,
          uniq_maggie, uniq_fannar
Lair:2:   layout_hall_layers, grunt_megastairs_4, lemuel_fruit_tree
Lair:3:   layout_chaotic_city, elwin_shoals_entry_stream, dummy_snake_entry,
          gammafunk_ghost_icy, lemuel_fruit_fields
Lair:4:   layout_small_grid
Lair:5:   cheibrodos_lair_end_hotspot, layout_regular_city,
          nicolae_slime_entry_slimehenge, chequers_serial_rivers_micro_c,
          lemuel_old_faithful, uniq_sonja
Shoals:1: layout_shoals, regret_index_shoals_crete, uniq_mlioglotl
Shoals:2: nicolae_shoals_island_circles, layout_shoals, uniq_aizul
Shoals:3: layout_shoals, nzn_prometheus_bound
Shoals:4: shoals_end_grunt_ice, layout_shoals, shoals_ilsuiw_ice,
          nicolae_shoals_enchanted_isle, uniq_mara
Snake:1:  layout_chambers, grunt_ministairs_1, nicolae_integral_box, uniq_kirke,
          uniq_josephine
Snake:2:  layout_gridlike, ebering_ghost_gozag, nicolae_snake_salamander_stairs,
          grunt_megastairs_5
Snake:3:  layout_honeycomb
Snake:4:  snake_pit, layout_chambers, basic_altar,
          nicolae_snake_slithery_corners, nicolae_snake_omega
Slime:1:  cheibrodos_slime_lost_civilization_9, layout_caves,
          nicolae_slime_getting_an_eyeful
Slime:2:  layout_caves
Slime:3:  layout_caves
Slime:4:  layout_caves, cheibrodos_slime_lost_civilization_7
Slime:5
Orc:1:    layout_diamond_mine, gammafunk_ghost_split, mines_bat_river,
          uniq_nergalle
Orc:2:    st_orc_pillars, layout_caves, basic_altar, serial_shops, shop
Elf:1:    nicolae_elf_arrival_no_cutting_in_line, layout_geoelf_octagon,
          hangedman_elven_crosses_minicolossus,
          nicolae_elf_free_trip_to_the_abyss
Vaults:1: gammafunk_ghost_cemetery, grunt_vaults_trifunnel,
          nicolae_vaults_puzzle_piece, hangedman_vaults_cutoff,
          nicolae_vaults_twisting_passages, grunt_vaults_swirl,
          nicolae_vaults_network_periphery, nicolae_vaults_little_ls,
          nicolae_vaults_circle_grid_a, layout_vaults_chaotic_city
Vaults:2: ploomutoo_gammafunk_ghost_potion_laboratory, v_misc_12,
          minmay_crypt_entry_skeletal_spiral, v_misc_31,
          ontoclasm_vaults_misaligned, v_misc_25, vaults_room_fours,
          layout_vaults_omnigrid
Vaults:3: vaults_room_door_hall, hangedman_vaults_restitches,
          hangedman_vaults_slither, nicolae_vaults_angled_halls,
          vaults_room_grid, nicolae_vaults_circle_grid_a,
          hangedman_vaults_nodes, nicolae_vaults_stairing_the_circle,
          vaults_mumra_hexcomb, nicolae_vaults_little_squares_3,
          vaults_room_stairs_pillars, vaults_room_pool, v_misc_13,
          layout_vaults_omnibox, serial_shops, shop,
          nicolae_trove_entry_free_sample, uniq_asterion
Vaults:4: v_rooms_1, ontoclasm_vaults_spin, hangedman_vaults_cutoff,
          vaults_room_fancy_cross, nicolae_vaults_angled_halls,
          hangedman_vaults_stagger, v_misc_23, nicolae_vaults_c_with_doors,
          vaults_dpeg_diagonal, nicolae_vaults_rhombus_6, v_misc_18,
          layout_vaults_omnicross
Vaults:5: uniq_mennas
Crypt:1:  layout_rooms, corexii_leaking_fountain, grunt_crypt_arrival_webbed
Depths:1: layout_honeycomb, enter_ziggurat_e, hell_entry,
          amcnicky_mini_pool_small, abyss_entry, serial_rivers,
          chequers_serial_rivers_room_a, chequers_serial_rivers_room_a,
          chequers_serial_rivers_micro_e, chequers_serial_rivers_large_b,
          serial_sigils_hangedman_snap

Skill      XL: |  1  2  3  4  5  6  7  8  9 10 11 12 13 14 15 16 17 18 19 20 21 22 |
---------------+-------------------------------------------------------------------+-----
Conjurations   | 5 6 8 9 10 11 12 13 14 | 14.0
Spellcasting   | 3 4 5 6 7 9 10 11 12 13 14 15 17 18 19 | 19.4
Translocations | 1 4 5 7 |  7.0
Fighting       | 6 7 8 10 11 | 11.0
Dodging        | 5 6 9 10 11 12 | 12.0
Air Magic      | 5 8 9 10 11 12 13 16 17 19 20 | 20.0
Shields        | 4 5 7 8 |  8.0
Evocations     | 6 7 8 9 10 11 | 11.0
Transmutations | 2 5 7 |  7.0
Fire Magic     | 3 5 11 13 14 15 17 18 19 | 19.8
Staves         | 6 |  6.0
Stealth        | |  1.7

Action                     |  1- 3 |  4- 6 |  7- 9 | 10-12 | 13-15 | 16-18 | 19-21 | 22-24 || total
---------------------------+-------+-------+-------+-------+-------+-------+-------+-------++-------
  Melee: Unarmed           |    21 |       |       |       |       |       |       |       ||    21
         Tailslap          |     1 |       |       |     5 |    11 |     6 |     6 |       ||    29
         Short sword       |    11 |       |     5 |    27 |    52 |       |       |       ||    95
         Punch             |     1 |       |       |       |       |       |       |       ||     1
         Staff             |       |       |       |       |    17 |    58 |    48 |     6 ||   129
  Throw: Dart              |       |       |       |     5 |     1 |       |       |       ||     6
   Cast: Magic Dart        |    58 |    38 |    10 |     1 |       |       |       |       ||   107
         Searing Ray       |     7 |    19 |    45 |    46 |       |       |       |       ||   117
         Iskenderun's Myst |       |       |    14 |    92 |    98 |    47 |    15 |    33 ||   299
         Stone Arrow       |       |       |       |    67 |    51 |    25 |       |       ||   143
         Irradiate         |       |       |       |    16 |    13 |    16 |     5 |     3 ||    53
         Conjure Ball Ligh |       |       |       |    15 |    59 |       |       |       ||    74
         Plasma Beam       |       |       |       |       |   191 |   313 |   288 |    43 ||   835
         Orb of Destructio |       |       |       |       |    26 |    24 |    10 |     3 ||    63
         Starburst         |       |       |       |       |    20 |    46 |    55 |     7 ||   128
         Freezing Cloud    |       |       |       |       |    11 |    59 |     1 |       ||    71
         Iskenderun's Batt |       |       |       |       |       |    67 |    21 |       ||    88
         Ignition          |       |       |       |       |       |     1 |    64 |    29 ||    94
         Maxwell's Capacit |       |       |       |       |       |       |     8 |     4 ||    12
Ability: Breathe Lightning |       |       |    18 |    42 |    37 |    21 |    21 |     2 ||   141
         Evoke Blink       |       |       |       |       |     4 |       |       |     1 ||     5
  Evoke: Wand              |       |       |       |     4 |    21 |     6 |       |     6 ||    37
         Box of beasts     |       |       |       |       |     1 |     1 |       |     1 ||     3
         Tin of tremorston |       |       |       |       |       |     2 |       |     2 ||     4
         Condenser vane    |       |       |       |       |       |       |       |     1 ||     1
    Use: Scroll            |       |     4 |       |    12 |    26 |     6 |     7 |    10 ||    65
         Potion            |       |       |       |     2 |     4 |     8 |       |    12 ||    26
 Armour: Skin              |    17 |     4 |    36 |    90 |   227 |   192 |    84 |    64 ||   714
  Dodge: Dodged            |    50 |    42 |    69 |   117 |   300 |   391 |   187 |    88 ||  1244
  Block: Other             |     4 |    12 |    28 |     6 |       |       |       |       ||    50
         Reflection        |       |       |     3 |     7 |    22 |    82 |    36 |    14 ||   164
         Buckler           |       |       |       |   131 |   292 |   286 |   138 |    56 ||   903

Table legend: (Time is in decaauts)
 A = Elapsed time spent in this place.
 B = Non-inter-level travel time spent in this place.
 C = Inter-level travel time spent in this place.
 D = Time resting spent in this place.
 E = Time spent auto-exploring this place.
 F = Levels seen in this place.
 G = Mean time per level.
                   A        B        C        D        E       F      G
               +--------+--------+--------+--------+--------+-----+--------+
         Total |  47745 |  37668 |  10077 |   4359 |  22918 |  48 |  994.7 |
       Dungeon |  14589 |  10491 |   4098 |    197 |   7060 |  15 |  972.6 |
        Temple |    423 |    399 |     24 |      0 |    383 |   1 |  423.0 |
          Lair |   8234 |   6045 |   2189 |   1199 |   3254 |   5 | 1646.8 |
        Shoals |   4694 |   4247 |    447 |    829 |   2404 |   4 | 1173.5 |
     Snake Pit |   5466 |   4507 |    959 |    237 |   3217 |   4 | 1366.5 |
    Slime Pits |   2706 |   2385 |    321 |    210 |   1796 |   5 |  541.2 |
  Orcish Mines |   2023 |   1529 |    494 |    160 |    718 |   2 | 1011.5 |
   Elven Halls |    214 |    201 |     13 |      0 |     92 |   1 |  214.0 |
        Vaults |   6715 |   5201 |   1514 |    549 |   3499 |   5 | 1343.0 |
         Crypt |     58 |     58 |      0 |      0 |     11 |   1 |   58.0 |
        Depths |     41 |     25 |     16 |      0 |     11 |   1 |   41.0 |
         Abyss |    394 |    394 |      0 |    139 |      1 |   1 |  394.0 |
         Trove |     36 |     36 |      0 |      0 |     12 |   1 |   36.0 |
      Ice Cave |   1514 |   1514 |      0 |    630 |    266 |   1 | 1514.0 |
      Gauntlet |    629 |    629 |      0 |    209 |    193 |   1 |  629.0 |
               +--------+--------+--------+--------+--------+-----+--------+

Top non-repeatable levels by time:
  Lair:3: 2305 daAuts
Vaults:2: 2154 daAuts
  Lair:5: 1640 daAuts
Vaults:4: 1602 daAuts
Vaults:1: 1601 daAuts
  Lair:4: 1583 daAuts
   IceCv: 1514 daAuts
 Snake:4: 1436 daAuts
 Snake:2: 1380 daAuts
  Lair:1: 1379 daAuts
    D:12: 1337 daAuts
 Snake:3: 1330 daAuts
  Lair:2: 1325 daAuts
Vaults:3: 1320 daAuts
 Snake:1: 1318 daAuts
